 Dungeon Crawl Stone Soup version 0.22-a0-377-g846bec1 (webtiles) character file.

641 roflturtle the Changer (level 7, 0/59 HPs)
             Began as a Green Draconian Transmuter on Apr 27, 2018.
             Splashed by a jelly's acid (8 damage)
             ... on level 5 of the Dungeon.
             The game lasted 00:15:34 (3389 turns).

roflturtle the Changer (Green Draconian Transmuter) Turns: 3389, Time: 00:15:34

Health: 0/59       AC:  2    Str: 13    XL:     7   Next: 26%
Magic:  9/11       EV: 21    Int: 13    God:
Gold:   227        SH:  0    Dex: 18    Spells: 1/12 levels left

rFire    . . .     SeeInvis .     - Unarmed
rCold    . . .     Gourm    .   (shield currently unavailable)
rNeg     . . .     Faith    .   (armour unavailable)
rPois    x         Spirit   .   (helmet currently unavailable)
rElec    .         Reflect  .   (cloak currently unavailable)
rCorr    .         Harm     .   (gloves currently unavailable)
MR       .....                  (boots currently unavailable)
Stlth    ++........             (no amulet)
HPRegen  0.19/turn              (no ring)
MPRegen  0.12/turn              (no ring)

@: spider-form (expiring)
A: tiny, (breathe noxious fumes), unfitting armour, AC +6
a: End Transformation


You were on level 5 of the Dungeon.
You were not hungry.
You were a venomous arachnid creature.
You visited 1 branch of the dungeon, and saw 5 of its levels.

You collected 227 gold pieces.

Inventory:

Hand Weapons
 e - a +1 mace of venom
 p - a +2 short sword of venom
Missiles
 a - 85 arrows
 k - 3 javelins
 q - 3 tomahawks (quivered)
Armour
 d - a +2 pair of boots of flying (melded)
 u - the +8 plate armour of the Castellan {rN+ Int+5 Stlth-, unknown}
   (You found it on level 4 of the Dungeon)

   It affects your intelligence (+5).
   It protects you from negative energy.
   It makes you less stealthy.
 w - +0 fire dragon scales
Jewellery
 s - a cursed amulet of inaccuracy {unknown}
Scrolls
 h - 4 scrolls of remove curse
 i - a scroll of magic mapping
 l - a scroll of fog {unknown}
 o - a scroll of noise {unknown}
 r - 2 scrolls of blinking {unknown}
 v - a scroll of immolation {unknown}
 x - a scroll of amnesia
Potions
 f - 2 potions of degeneration
 g - a potion of lignification {unknown}
 j - a potion of agility
 m - a potion of curing
 n - a potion of heal wounds {unknown}
 t - 2 potions of resistance {unknown}
Comestibles
 b - 3 chunks of flesh
 c - 7 rations


   Skills:
 - Level 4.2 Fighting
 - Level 3.0 Dodging
 - Level 4.1 Unarmed Combat
 - Level 3.0 Spellcasting
 + Level 5.3 Transmutations


You had one spell level left.
You knew the following spells:

 Your Spells              Type           Power        Failure   Level  Hunger
a - Beastly Appendage     Tmut           ###...       10%         1    #......
b - Sticks to Snakes      Tmut           ###.....     12%         2    ##.....
c - Spider Form           Tmut/Pois      #.........   43%         3    ###....
d - Blade Hands           Tmut           ###.......   77%         5    ######.


Dungeon Overview and Level Annotations

Branches:
Dungeon (5/15)
 Temple: D:4-7

Altars:
Dithmenos
Fedhas
Gozag
Hepliaklqana
Xom


Innate Abilities, Weirdness & Mutations

((You can breathe blasts of noxious fumes.))
((Your lurid green scales are hard. (AC +6)))
You cannot fit into any form of body armour.
((Your system is resistant to poisons. (rPois)))
((You are cold-blooded and may be slowed by cold attacks.))


Message History

* * * LOW HITPOINT WARNING * * *
You are poisoned.
The adder poisons you! The jelly misses you.
* * * LOW HITPOINT WARNING * * *
You feel sick. The adder bites you.
* * * LOW HITPOINT WARNING * * *
Found 31 arrows.
You closely miss the adder.
The adder is severely wounded.
* * * LOW HITPOINT WARNING * * *
You feel sick. The jelly closely misses you. The adder completely misses you.
It was a potion of curing.
You feel better. The adder closely misses you. The jelly barely misses you.
A jackal comes into view.
You closely miss the adder.
The adder is severely wounded.
The adder misses you. The jelly hits you.
* * * LOW HITPOINT WARNING * * *
You are splashed with acid!
The acid burns!
You die...

.###########
...........##
...(........##
.............#
.............#
.............#
............<#####
......)SJ(.......#
........s........#
#...................#
####..h##..).....####
#..#. ##.......#
...##. #.........
..## #. #.......#. ..
.. ........... ####(


You could see a jelly, an adder and a jackal (wandering).

Vanquished Creatures
  A centaur (D:5)
  A scorpion (D:4)
  2 howler monkeys (D:4)
  A centaur skeleton (D:5)
  Natasha (thrice) (D:4)
  3 iguanas
  2 worker ants (D:4)
  8 adders
  2 howler monkey skeletons (D:4)
  3 oozes
  A worm (D:4)
  7 dart slugs
  7 leopard geckos
  5 orcs
  5 bats
  2 giant cockroaches (D:1)
  10 goblins
  5 hobgoblins
  8 jackals
  5 ball pythons
  5 frilled lizards
  9 kobolds
  A leopard gecko skeleton (D:5)
  A leopard gecko zombie (D:5)
  A quokka skeleton (D:4)
  6 rats
104 creatures vanquished.

Vanquished Creatures (collateral kills)
  A frilled lizard (D:2)
1 creature vanquished.

Grand Total: 105 creatures vanquished

Notes
Turn   | Place    | Note
-------+----------+-------------------------------------------
     0 | D:1      | roflturtle the Draconian Transmuter began the quest for the Orb.
     0 | D:1      | Reached XP level 1. HP: 16/16 MP: 3/3
    53 | D:1      | Reached XP level 2. HP: 22/24 MP: 3/5
    81 | D:1      | Learned a level 2 spell: Sticks to Snakes
   251 | D:1      | Reached XP level 3. HP: 27/29 MP: 6/6
   293 | D:1      | Reached skill level 3 in Transmutations
   299 | D:1      | Learned a level 3 spell: Spider Form
   399 | D:1      | Upgraded the game from 0.22-a0-374-g5dfd9e3 to 0.22-a0-377-g846bec1
  1068 | D:2      | Reached skill level 4 in Transmutations
  1068 | D:2      | Reached XP level 4. HP: 28/36 MP: 3/7
  1109 | D:2      | Found a hazy altar of Hepliaklqana.
  1110 | D:2      | Found a shimmering altar of Xom.
  1110 | D:2      | Noticed a wyvern
  1111 | D:2      | Noticed a wyvern
  1111 | D:2      | Noticed a spectral ugly thing
  1266 | D:2      | Found an opulent altar of Gozag.
  1700 | D:3      | Found a faded altar of an unknown god.
  1931 | D:4      | Noticed Natasha
  1937 | D:4      | Killed Natasha
  1937 | D:4      | Reached XP level 5. HP: 45/45 MP: 4/9
  2186 | D:4      | Found a blossoming altar of Fedhas.
  2222 | D:4      | Noticed an orc warrior
  2229 | D:4      | Reached XP level 6. HP: 51/51 MP: 7/10
  2236 | D:4      | Learned a level 5 spell: Blade Hands
  2500 | D:4      | Got a steaming plate armour
  2532 | D:4      | Found a shadowy altar of Dithmenos.
  2924 | D:4      | Noticed Natasha
  2932 | D:4      | Killed Natasha
  2988 | D:4      | Noticed Natasha
  3003 | D:4      | Killed Natasha
  3326 | D:5      | Entered Level 5 of the Dungeon
  3330 | D:5      | Your scales start taking on a lurid green colour.
  3330 | D:5      | Reached XP level 7. HP: 51/59 MP: 9/11
  3330 | D:5      | Gained mutation: Your system is resistant to poisons. (rPois) [Green Draconian growth]
  3377 | D:5      | Reached skill level 5 in Transmutations
  3387 | D:5      | HP: 2/59 [poisoned by an adder]
  3389 | D:5      | Splashed by a jelly's acid

Vault maps used:
D:1:      dpeg_arrival_tiny_c, serial_curves, eino_curves_01, eino_curves_04,
          minmay_pentomino_p2
D:2:      regret_index_temple_of_mockery, lemuel_crystal_altar
D:3:      chequers_ecumenical_altar_simple_redux, minivault_25
D:4:      kennysheep_slugbush, lemuel_crystal_altar, lemuel_crystal_altar,
          first_ration, kennysheep_generic_room_7, uniq_natasha
D:5:      nicolae_overflow_quartered_altars, minmay_temple_entry_poolview,
          dk_vineyard_2, minivault_27, uniq_pikel

Skill      XL: |  1  2  3  4  5  6  7 |
---------------+----------------------+-----
Dodging        | 2 3 |  3.0
Fighting       | 2 3 4 |  4.2
Transmutations | 4 5 |  5.3
Spellcasting   | 3 |  3.0
Unarmed Combat | 4 |  4.1

Action                   |  1- 3 |  4- 6 |  7- 9 || total
-------------------------+-------+-------+-------++-------
Melee: Unarmed           |   119 |   251 |    31 ||   401
       Kick              |     8 |       |       ||     8
       Tailslap          |     6 |    30 |     1 ||    37
       Headbutt          |     6 |    21 |     2 ||    29
       Punch             |       |     1 |       ||     1
 Cast: Beastly Appendage |    13 |    24 |     1 ||    38
       Sticks to Snakes  |     2 |     2 |       ||     4
       Spider Form       |       |     5 |     1 ||     6
  Use: Scroll            |       |     5 |       ||     5
       Potion            |       |       |     1 ||     1
 Stab: Sleeping          |       |     3 |       ||     3
  Eat: Chunk             |     1 |     9 |       ||    10
Armor: Skin              |    22 |    76 |     9 ||   107
Dodge: Dodged            |    74 |   175 |    50 ||   299

Table legend:
 A = Spawn XP
 B = Non-spawn XP
 C = Spawn XP percentage of total XP
 D = Spawn monster count
 E = Non-spawn monster count
 F = Spawn count percentage of total count
 G = Total turns spent on level
                    A         B        C        D         E        F      G
               +---------+---------+-------+---------+---------+-------+---------
         Total |       0 |     916 |   0.0 |       0 |     105 |   0.0 |  3389
               +---------+---------+-------+---------+---------+-------+---------
           D:1 |       0 |      63 |   0.0 |       0 |      31 |   0.0 |   570
           D:2 |       0 |      64 |   0.0 |       0 |      18 |   0.0 |   868
           D:3 |       0 |      65 |   0.0 |       0 |      15 |   0.0 |   493
           D:4 |       0 |     535 |   0.0 |       0 |      33 |   0.0 |  1395
           D:5 |       0 |     189 |   0.0 |       0 |       8 |   0.0 |    63
               +---------+---------+-------+---------+---------+-------+---------
